 Dungeon Crawl Stone Soup version 0.26.1-11-gd32895ea62 (webtiles) character file.

Game seed: 6549887585692626298

172 Azunone the Cudgeller (level 5, 0/53 HPs)
             Began as a Troll Monk on June 6, 2021.
             Was a Believer of Dithmenos.
             Slain by a howler monkey (5 damage)
             ... on level 4 of the Dungeon.
             The game lasted 00:03:08 (1292 turns).

Azunone the Cudgeller (Troll Monk)                  Turns: 1292, Time: 00:03:08

Health: 0/53       AC:  6    Str: 20    XL:     5   Next: 27%
Magic:  4/4        EV: 11    Int:  6    God:    Dithmenos [**....]
Gold:   56         SH:  0    Dex: 12    Spells: 4/4 levels left

rFire    . . .     SeeInvis .   a - +0 mace
rCold    . . .     Faith    .   (no shield)
rNeg     . . .     Spirit   .   b - +0 robe
rPois    .         Reflect  .   (helmet restricted)
rElec    .         Harm     .   (no cloak)
rCorr    .         Rampage  .   (gloves unavailable)
Will     .....                  (boots unavailable)
Stlth    ++........             (no amulet)
HPRegen  0.57/turn              (no ring)
MPRegen  0.09/turn              (no ring)

@: mighty, wreathed by umbra
A: large, unfitting armour, claws 3, regeneration 1, shaggy fur 1, tough skin 3
a: Renounce Religion, Shadow Step


You were on level 4 of the Dungeon.
You worshipped Dithmenos.
Dithmenos was pleased with you.
You visited 1 branch of the dungeon, and saw 3 of its levels.

You collected 56 gold pieces.


Innate Abilities, Weirdness & Mutations

You are too large for most types of armour.
You have claws for hands.
Your natural rate of healing is unusually fast.
You are covered in fur. (AC +1)
You have extremely tough skin. (AC +3)


   Skills:
 + Level 3.1 Fighting
 + Level 3.4 Maces & Flails
 + Level 1.6 Throwing
 + Level 3.1 Dodging
 - Level 1.1 Stealth
 + Level 1.2 Evocations


You had 4 spell levels left.
You didn't know any spells.
Your spell library was empty.

Inventory:

Hand Weapons
 a - a +0 mace (weapon)
Missiles
 e - 37 stones (quivered)
 g - 44 arrows
 i - 8 bolts
Armour
 b - a +0 robe (worn)
Scrolls
 c - a scroll of enchant weapon {unknown}
 f - a scroll of remove curse {unknown}
 j - a scroll of magic mapping {unknown}
Potions
 h - a potion of brilliance

Dungeon Overview and Level Annotations

Branches:
Dungeon (2/15)

Altars:
Dithmenos

#...#.# #.# ##..#.######.###
#.#####..#..........#
#.[...)........#.##.#
########.....#.#.##.#
......>....#.#.##.#
######.....#.#.##.#
###############.#.##.#####
#......hh@......#.##......
....###############.########
. ...........#
######################
#.....................
#.#########.##########
#.####################
#.....................
######################


You could see a howler monkey and a hound.


Message History

You hit the iguana but do no damage. The iguana bites you!
* * * LOW HITPOINT WARNING * * *
The iguana bites you.
* * * LOW HITPOINT WARNING * * *
😨 HP[-13]
You take 13 damage, and now have 14/53 hp.
MASSIVE DAMAGE!! (PAUSE)
You hit the iguana. The iguana closely misses you. 😨 HP[+1]
You closely miss the iguana. The iguana bites you.
* * * LOW HITPOINT WARNING * * *
😱 HP[-2]
You take 2 damage, and now have 13/53 hp.
You closely miss the iguana. The iguana closely misses you.
You completely miss the iguana. The iguana barely misses you.
The iguana bites you.
* * * LOW HITPOINT WARNING * * *
😱 HP[-3]
You take 3 damage, and now have 10/53 hp.
Unknown command.
You hit the iguana. The iguana closely misses you. 😱 HP[+1]
You hit the iguana. The iguana bites you.
* * * LOW HITPOINT WARNING * * *
😱 HP[-5]
You take 5 damage, and now have 6/53 hp.
You barely miss the iguana. The iguana closely misses you.
You hit the iguana but do no damage. The iguana barely misses you.
The iguana closely misses you. 😱 HP[+1]
You hit the iguana but do no damage.
The iguana completely misses you. 😱 HP[+1]
You hit the iguana.
You kill the iguana!
Dithmenos accepts your kill.
A howler monkey comes into view. 😱 HP[+1]
You are too injured to fight recklessly!
You are too injured to fight recklessly! 😱 HP[+1]
The howler monkey howls!
The howler monkey hoots and howls with incredible vigour!
You hear a shout! x2 😱 HP[+1] 😱 HP[+1]
The howler monkey hoots and howls with incredible vigour! 😱 HP[+1] 😨 HP[+1] 😨 HP[+1]
A hound comes into view.
The howler monkey hoots and howls with incredible vigour!
The howler monkey hits you.
* * * LOW HITPOINT WARNING * * *
The howler monkey barely misses you. 😨 HP[-1]
You take 1 damage, and now have 14/53 hp.
You barely miss the howler monkey.
The hound barks!
The howler monkey hoots and howls with incredible vigour!
You hit the howler monkey. The howler monkey misses you. 😨 HP[+1]
You hit the howler monkey. The howler monkey hits you.
* * * LOW HITPOINT WARNING * * *
The howler monkey hits you but does no damage. 😱 HP[-2]
You take 2 damage, and now have 13/53 hp.
You hit the howler monkey.
The howler monkey closely misses you. 😨 HP[+1]
You hit the howler monkey but do no damage.
The howler monkey closely misses you. x2
You hit the howler monkey. The howler monkey hits you.
* * * LOW HITPOINT WARNING * * *
😱 HP[-2]
You take 2 damage, and now have 12/53 hp.
You closely miss the howler monkey. The howler monkey barely misses you.
The howler monkey hits you.
* * * LOW HITPOINT WARNING * * *
😱 HP[-5]
You take 5 damage, and now have 7/53 hp.
You closely miss the howler monkey. The howler monkey misses you.
You barely miss the howler monkey.
The howler monkey hits you but does no damage.
The howler monkey barely misses you. 😱 HP[+1]
You feel very mighty all of a sudden. The howler monkey hits you.
* * * LOW HITPOINT WARNING * * *
😱 HP[-1]
You take 1 damage, and now have 7/53 hp.
You hit the howler monkey. The howler monkey barely misses you.
The howler monkey hits you.
* * * LOW HITPOINT WARNING * * *
😱 HP[-1]
You take 1 damage, and now have 6/53 hp.
You hit the howler monkey. The howler monkey hits you.
* * * LOW HITPOINT WARNING * * *
😱 HP[-2]
You take 2 damage, and now have 4/53 hp.
You closely miss the howler monkey. The howler monkey hits you.
You die...

Skill      XL: |  1  2  3  4 |
---------------+-------------+-----
Maces & Flails | 3 |  3.4
Throwing       | 1 |  1.6
Fighting       | 3 |  3.1
Evocations     | 1 |  1.2
Dodging        | 3 |  3.1
Stealth        | |  1.1

Action                   |  1- 3 |  4- 6 || total
-------------------------+-------+-------++-------
Melee: Mace              |    64 |    54 ||   118
  Use: Potion            |     2 |     4 ||     6
 Stab: Sleeping          |     1 |       ||     1
Armor: Robe              |    14 |     9 ||    23
       Skin              |       |     7 ||     7
Dodge: Dodged            |    32 |    38 ||    70

Levels and vault maps discovered:
D:1:      scummos_arrival_simple_crosswalls, layout_loops_ring
D:2:      layout_basic, old_standard_altar, vehumet_crystals, kennysheep_boxes
D:4:      layout_basic, uniq_edmund, uniq_natasha, uniq_sigmund

Notes
Turn   | Place    | Note
-------+----------+-------------------------------------------
     0 | D:1      | Azunone the Troll Monk began the quest for the Orb.
     0 | D:1      | Reached XP level 1. HP: 22/22 MP: 0/0
     0 | D:1      | magus.rc [v1.10.1]
   431 | D:1      | Reached XP level 2. HP: 29/29 MP: 1/1
   680 | D:2      | Found a shadowy altar of Dithmenos.
   689 | D:2      | Became a worshipper of Dithmenos the Shadowed
   689 | D:2      | Reached * piety under Dithmenos
   689 | D:2      | Reached ** piety under Dithmenos
   767 | D:2      | HP: 1/29 [worm (11)]
   832 | D:2      | You fall into a shaft and drop 2 floors!
   876 | D:4      | Reached skill level 3 in Maces & Flails
   876 | D:4      | Reached XP level 3. HP: 18/36 MP: 2/2
   949 | D:4      | Reached skill level 1 in Throwing
   949 | D:4      | Reached XP level 4. HP: 14/44 MP: 3/3
   983 | D:4      | HP: 7/44 [orc wizard/puff of frost (11)]
   983 | D:4      | HP: 3/44 [orc wizard/magic dart (4)]
   989 | D:4      | Reached skill level 3 in Fighting
   989 | D:4      | Reached skill level 1 in Evocations
   990 | D:4      | HP: 6/67 [something/magic dart (4)]
   994 | D:4      | Reached skill level 3 in Dodging
  1161 | D:4      | Reached XP level 5. HP: 53/53 MP: 4/4
  1258 | D:4      | HP: 13/53 [iguana (3)]
  1262 | D:4      | HP: 6/53 [iguana (6)]
  1282 | D:4      | HP: 13/53 [howler monkey (3)]
  1289 | D:4      | HP: 7/53 [howler monkey (2)]
  1292 | D:4      | Slain by a howler monkey

Vanquished Creatures
  3 orc wizards (D:4)
  2 iguanas (D:4)
  An adder (D:4)
  A worm (D:2)
  A dart slug (D:1)
  6 orcs (D:4)
  A ball python (D:1)
  A giant cockroach (D:4)
  A goblin (D:1)
  A hobgoblin (D:1)
  3 bats (D:1)
  A frilled lizard (D:1)
  2 kobolds (D:1)
24 creatures vanquished.

Table legend:
 A = Non-vault XP
 B = Vault XP
 C = Vault XP percentage of total XP
 D = Non-vault monster count
 E = Vault monster count
 F = Vault count percentage of total count
                 A         B        C        D         E       F
            +---------+---------+-------+---------+---------+-------
      Total |     247 |       0 |   0.0 |      24 |       0 |   0.0
            +---------+---------+-------+---------+---------+-------
        D:1 |      17 |       0 |   0.0 |      10 |       0 |   0.0
        D:2 |       5 |       0 |   0.0 |       1 |       0 |   0.0
        D:4 |     225 |       0 |   0.0 |      13 |       0 |   0.0
            +---------+---------+-------+---------+---------+-------

Illustrated notes

Table legend:
 A = Kills in this place as a percentage of kills in entire the game.
 B = Kills by you in this place as a percentage of kills by you in the entire game.
 C = Kills by friends in this place as a percentage of kills by friends in the entire game.
 D = Other kills in this place as a percentage of other kills in the entire game.
 E = Experience gained in this place as a percentage of experience gained in the entire game.
 F = Experience gained in this place divided by the number of levels of this place that you have seen.
                   A       B       C       D       E      F
               +-------+-------+-------+-------+-------+----------------------
         Total | 100.0 | 100.0 |   N/A |   N/A | 100.0 |  82.3
       Dungeon | 100.0 | 100.0 |   N/A |   N/A | 100.0 |  82.3
               +-------+-------+-------+-------+-------+----------------------

Table legend: (Time is in decaauts)
 A = Elapsed time spent in this place.
 B = Non-inter-level travel time spent in this place.
 C = Inter-level travel time spent in this place.
 D = Time resting spent in this place.
 E = Time spent auto-exploring this place.
 F = Levels seen in this place.
 G = Mean time per level.
                   A        B        C        D        E       F      G
               +--------+--------+--------+--------+--------+-----+--------+
         Total |   1320 |   1301 |     19 |      0 |   1044 |   3 |  440.0 |
       Dungeon |   1320 |   1301 |     19 |      0 |   1044 |   3 |  440.0 |
               +--------+--------+--------+--------+--------+-----+--------+

Top non-repeatable levels by time:
     D:1: 670 daAuts
     D:4: 478 daAuts
     D:2: 172 daAuts
